 Dungeon Crawl Stone Soup version 0.31-a0-108-gdf935468f2 (webtiles) character file.

Game seed: 83111863563498003

120855 LobsterGuardian the Warrior (level 18, 0/198 HPs)
             Began as a Meteoran Monk on May 25, 2023.
             Was the Champion of Hepliaklqana.
             Slain by a snapping turtle (6 damage)
             ... on level 3 of the Shoals on May 27, 2023.
             The game lasted 01:32:13 (12779 turns).

LobsterGuardian the Warrior (Meteoran Monk)        Turns: 12779, Time: 01:32:14

Health: 0/198      AC: 26    Str: 27    XL:     18   Next: 0%
Magic:  19/19      EV: 11    Int: 18    God:    Hepliaklqana [******]
Gold:   1278       SH:  0    Dex: 20    Spells: 14/17 levels left

rFire   + . .        u - +2 demon whip (venom)
rCold   . . .        d - orb {light}
rNeg    . . .        x - +1 chain mail "Hustrir" {Dex+2}
rPois   +            D - +0 helmet
rElec   .            i - +1 cloak
rCorr   .            b - +2 pair of gloves
SInv    .            o - +1 pair of boots {Fly}
Will    ++...        r - amulet of regeneration Stlth
                     F - +6 ring of strength
HPRegen 1.33/turn    C - ring of Zeklaiwefe {rPois rF+ Int+6}
MPRegen 0.16/turn

%: no passive effects
@: confused, mighty, afraid, ambrosia-drunk, engulfed (cannot breathe), flying,
held, glowing
A: reduced essence, sense surroundings 3, otherworldly, glowing, explore regen,
robust 2, evolution 1
a: Renounce Religion, Recall Ancestor, Ancestor Identity, Transference, Idealise


You were on level 3 of the Shoals.
You worshipped Hepliaklqana.
Hepliaklqana was exalted by your worship.
You visited 4 branches of the dungeon, and saw 25 of its levels.
You also visited: Sewer, Ossuary and Bailey.

You collected 1544 gold pieces.
You spent 266 gold pieces at shops.

Inventory:

Hand Weapons
 n - a +4 mace of freezing
 u - a +2 demon whip of venom (weapon)
Armour
 b - a +2 pair of gloves (worn)
 d - an orb of light (worn)
 i - a +1 cloak (worn)
 o - a +1 pair of boots of flying (worn)
 x - the +1 chain mail "Hustrir" (worn) {Dex+2}
   (You bought it in a shop on level 10 of the Dungeon)

   Dex:       It affects your dexterity (+2).
 D - a +0 helmet (worn)
Jewellery
 e - a ring of wizardry
 r - an amulet of regeneration (around neck)
 C - the ring of Zeklaiwefe (right hand) {rPois rF+ Int+6}
   (You found it on level 6 of the Dungeon)

   [ring of intelligence]

   Int:       It affects your intelligence (+6).
   rF:        It protects you from fire.
   rPois:     It protects you from poison.
 F - a +6 ring of strength (left hand)
 K - a ring of protection from cold
Wands
 a - a wand of mindburst (3)
 t - a wand of flame (23)
Scrolls
 g - 4 scrolls of enchant armour
 m - 3 scrolls of vulnerability
 q - 3 scrolls of amnesia
 y - 2 scrolls of fear
 z - 2 scrolls of enchant weapon
 H - a scroll of torment
 I - a scroll of summoning
 L - 2 scrolls of poison
 M - 5 scrolls of identify
 N - a scroll of fog
Potions
 f - 4 potions of magic
 l - 5 potions of lignification
 p - 4 potions of enlightenment
 s - a potion of brilliance
 v - 4 potions of attraction
 w - 2 potions of cancellation
 A - 5 potions of mutation
 E - a potion of degeneration
 G - a potion of invisibility


   Skills:
 + Level 20.9 Fighting
 + Level 16.9 Maces & Flails
 + Level 17.3 Armour
 + Level 18.0 Dodging


You had 14 spell levels left.
You knew the following spells:

 Your Spells              Type           Power      Damage    Failure   Level
a - Swiftness             Air            0%         N/A       88%         3

Your spell library contained the following spells:

 Spells                   Type           Power      Damage    Failure   Level
 Apportation              Tloc           0%         N/A       52%         1
 Necrotise                Necr           0%         1d4       52%         1
 Cigotuvi's Dreadful Rot  Necr/Pois/Air  0%         N/A       67%         2
 Ensorcelled Hibernation  Hex/Ice        0%         N/A       67%         2
 Passwall                 Tmut/Erth      0%         N/A       67%         2
 Static Discharge         Conj/Air       0%         2-2/arc   67%         2
 Ozocubu's Armour         Ice            0%         N/A       88%         3
 Vampiric Draining        Necr           0%         2d6       88%         3
 Vhi's Electric Charge    Tloc/Air       0%         N/A       88%         3
 Airstrike                Air            0%         2d(0-16)  99%         4
 Dispel Undead            Necr           0%         3d6       99%         4
 Summon Lightning Spire   Summ/Air       0%         N/A       99%         4
 Agony                    Necr           0%         N/A       100%        5
 Alistair's Intoxication  Tmut/Pois      0%         N/A       100%        5
 Arcjolt                  Conj/Air       0%         1d10      100%        5
 Borgnjor's Vile Clutch   Necr/Erth      0%         N/A       100%        5
 Metabolic Englaciation   Hex/Ice        0%         N/A       100%        5
 Death Channel            Necr           0%         N/A       100%        6
 Eringya's Noxious Bog    Tmut/Pois      0%         N/A       100%        6
 Simulacrum               Ice/Necr       0%         N/A       100%        6
 Maxwell's Capacitive Co  Air            0%         ∞         100%        8


Dungeon Overview and Level Annotations

Branches:
Dungeon (15/15) Zot: 1995  Temple (0/1) D:7            Lair (5/5) D:9 Zot: 1146
 Shoals (3/4) Lair:3 Zot: 724     Orc (2/2) D:12 Zot: 48     Elf (0/3) Orc:2
 Vaults (0/5) D:13         Depths (0/4) D:15          Sewer (visited)
Ossuary (visited)          Bailey (visited)
  Snake: Lair:2-3    Spider: Lair:2-3     Slime: Lair:4-5

Altars:
Elyvilon
Hepliaklqana
Kikubaaqudgha
Okawaru
Ru
Yredelemnul

Shops:
D:10 [   Orc:1 !   Orc:2 ?(![

Annotations:
D:10 3 transporters
D:14 2 transporters, SecretSquirrel's ghost, journeyman MiGl; sirJeffrey23's ghost, journeyman BaHu


Innate Abilities, Weirdness & Mutations

Your life essence is reduced to manifest your ancestor. (-10% HP)
You passively map a large area around you.
You are easily found by Zot.
You glow in the dark.
You regain HP and MP as you explore.
You are very robust. (+20% HP)
You have hidden genetic potential.


Message History

The merfolk hits you from afar with a +0 glaive!
* * * LOW HITPOINT WARNING * * *
The faun unwields a +0 spear.
The faun wields a +0 sling.
The faun shoots a sling bullet.
The sling bullet hits you.
* * * LOW HITPOINT WARNING * * *
The snapping turtle bites you but does no damage.
You see here a throwing net.
Unknown command.
Unknown command.
You struggle against the net.
The merfolk hits you but does no damage.
The water elemental hits you!
* * * LOW HITPOINT WARNING * * *
The water elemental engulfs you in water!
The merfolk throws a boomerang.
The boomerang hits you but does no damage.
The faun shoots a sling bullet.
The sling bullet hits you.
* * * LOW HITPOINT WARNING * * *
The snapping turtle bites you but does no damage.
Unknown command.
Unknown command.
Okay, then.
Okay, then.
Unknown command.
You tear a large gash into the net.
* * * LOW HITPOINT WARNING * * *
Your lungs strain for air!
The merfolk hits you but does no damage.
The water elemental hits you. The merfolk barely misses you.
The dream sheep shake their wool and sparkle.
You feel drowsy...
You fall asleep.
The faun shoots a sling bullet.
The sling bullet hits you but does no damage.
The merfolk throws a silver boomerang.
The silver boomerang hits you!
You wake up.
* * * LOW HITPOINT WARNING * * *
The silver sears you!
* * * LOW HITPOINT WARNING * * *
The snapping turtle bites you from afar.
You die...

~~ ~ ~ ≈≈≈≈≈≈≈≈≈≈≈≈≈≈≈≈≈≈
≈≈≈≈≈≈≈≈≈≈≈≈≈≈≈≈≈≈≈≈≈≈≈≈≈≈≈≈≈≈≈
≈≈≈≈≈≈≈≈≈≈≈≈≈≈≈≈≈~~~~~~≈≈≈≈≈≈≈≈≈≈
≈≈≈≈≈≈≈≈≈≈≈≈≈≈≈≈~~~~~~~~≈≈≈≈≈≈≈≈≈
≈≈≈≈≈≈≈≈≈≈≈≈≈≈~~~.....t~~~≈≈≈≈≈≈≈
≈≈≈≈≈~~~~~~~~~~~.mm...m~~~~≈≈≈≈≈≈
≈≈≈~~~~~~~~~~~~...m.~~~..~~~~≈≈≈≈
≈≈~~~~.~~...~...).~≈≈≈≈...~~~~~≈≈
≈≈~~~~.~~......)@.≈≈≈≈≈~~~..~~~~≈
≈~~~~..~~~......E.m≈≈≈≈~...~~~~~~
~~~.~..........t))mc≈≈≈....~~~~~†
~~.~..###......).#cY......~~~~...
~~~~..* #.......###Y.......^~~~.~
~~~.. **#.C..#### #..........~~~~
~~... ...t#### * ...........~~~~~
~... #...## *........~<...~~~
≈~~. #.~# * .....~~~~~..~~~


You could see a merfolk impaler, a satyr (scary), 3 snapping turtles, 5 merfolk,
a faun (strong), a cyclops, a water elemental and 2 dream sheep.

Vanquished Creatures
  Nikola (Shoals:2)
  Agnes (D:15)
  Josephine (Orc:2)
  A merfolk impaler (Shoals:1)
  A fire dragon (D:15)
  3 vault guards (D:13)
  2 ogre magi (Orc:2)
  Erica (D:10)
  2 hydras
  6 two-headed ogres
  A boulder beetle (D:10)
  2 merfolk aquamancers
  2 satyrs (Shoals:3)
  3 centaur warriors
  Amaemon (Lair:1)
  2 sea snakes (Shoals:1)
  8 skeletal warriors
  7 skysharks
  2 deep trolls (Orc:2)
  A wizard (D:13)
  11 harpies
  A necromancer (D:15)
  A phantasmal warrior (D:15)
  An ugly thing (D:7)
  4 deep elf zephyrmancers (Orc:2)
  9 fauns
  5 deep elf pyromancers (Orc:2)
  2 orc knights (Orc:1)
  4 orc sorcerers
  A frost giant zombie (D:15)
  A wolf spider (Lair:5)
  8 manticores
  5 cyclopes
  3 merfolk sirens
  A fire giant skeleton (D:15)
  6 centaur zombies (D:15)
  6 elephants (Lair:5)
  A guardian serpent (Lair:5)
  3 black mambas
  4 water nymphs
  2 gargoyles
  A guardian serpent (shapeshifter) (D:14)
  9 centaur skeletons (D:15)
  A molten gargoyle (D:13)
  7 cane toads
  A rime drake (Lair:2)
  7 komodo dragons
  A freezing wraith (D:15)
  A yaktaur (D:13)
  An efreet (D:14)
  6 trolls
  7 merfolk
  2 hornets
  A wind drake (Shoals:2)
  A dream sheep (Shoals:3)
  5 blink frogs (Lair:5)
  5 snapping turtles
  A slime creature (D:13)
  4 wraiths
  16 yaks
  8 wyverns
  A fire elemental (D:13)
  A human (D:13)
  4 water elementals
  A redback (Lair:5)
  4 basilisks
  A vampire mosquito (D:11)
  2 wargs
  A human zombie (D:15)
  6 water moccasins
  A sky beast (D:8)
  10 orc warriors
  2 hornet zombies (D:15)
  A black bear (Lair:2)
  15 ogres
  A wolf (Lair:1)
  3 centaurs
  5 kobold brigands
  Blork the orc (D:6)
  3 bullfrogs
  2 scorpions (D:6)
  A gnoll sergeant (D:10)
  3 wights (D:8)
  2 electric eels (Orc:2)
  A howler monkey (D:7)
  2 hounds
  2 jellies
  11 orc priests
  3 iguanas
  15 orc wizards
  A mummy (Ossuary)
  10 gnolls
  4 river rats
  4 adders
  2 worms
  A dart slug (D:2)
  55 orcs
  3 endoplasms
  2 giant cockroaches
  6 hobgoblins
  A jackal (D:4)
  2 quokkas
  8 ball pythons
  A bat (D:2)
  4 frilled lizards
  A gnoll zombie (Ossuary)
  10 goblins
  4 goblin zombies (Ossuary)
  23 kobolds
  13 rats
  A butterfly (Lair:2)
473 creatures vanquished.

Vanquished Creatures (collateral kills)
  A bone dragon (D:15)
  Jorgrun (D:13)
  Ilsuiw (Shoals:3)
  A juggernaut zombie (D:15)
  3 merfolk impalers
  A vault guard (D:13)
  A centaur warrior (D:13)
  5 two-headed ogres
  A catoblepas (Shoals:2)
  2 death yaks
  A boulder beetle (D:7)
  An orc high priest (Orc:2)
  4 sea snakes
  3 skeletal warriors (D:14)
  A slime creature (D:13)
  2 ugly things
  A deep elf zephyrmancer (Orc:2)
  An orc knight (Bailey)
  A wolf spider zombie (D:15)
  4 harpies
  2 cyclopes
  2 manticores
  A faun (Shoals:2)
  3 merfolk sirens
  3 water nymphs (Shoals:1)
  An orange demon (Lair:1)
  2 centaur skeletons (D:15)
  3 cane toads (Lair:5)
  A komodo dragon (Lair:4)
  6 merfolk
  2 trolls (Orc:2)
  A hornet (D:8)
  A snapping turtle (Shoals:2)
  2 wind drakes
  Sigmund (D:3)
  3 water elementals
  2 shadows (D:11)
  4 wraiths
  14 yaks
  6 wyverns
  A redback (Lair:5)
  3 vampire mosquitoes (D:11)
  5 water moccasins
  Duvessa (D:6)
  6 orc warriors
  2 centaurs
  4 wolves (Lair:1)
  5 ogres
  6 kobold brigands
  2 gnoll sergeants
  3 bullfrogs
  A scorpion (D:4)
  A wight (D:8)
  Dowan (D:6)
  2 howler monkeys
  A jelly (D:6)
  3 orc priests
  A hound (D:5)
  Natasha (twice) (D:3)
  7 orc wizards
  2 mummies (Ossuary)
  7 gnolls
  5 adders
  7 river rats
  A white imp (D:6)
  An ufetubus (D:7)
  A worm (D:5)
  34 orcs
  3 endoplasms
  A giant cockroach (D:4)
  A jackal (D:4)
  6 ball pythons
  3 frilled lizards (Sewer)
  2 goblin zombies (Ossuary)
  A hobgoblin zombie (Ossuary)
  14 kobolds
  A kobold zombie (Ossuary)
  9 rats (Sewer)
252 creatures vanquished.

Vanquished Creatures (others)
  13 battlemagi
  An orc (Orc:2)
14 creatures vanquished.

Grand Total: 739 creatures vanquished

Notes
Turn   | Place    | Note
-------+----------+-------------------------------------------
     0 | D:1      | LobsterGuardian the Meteoran Monk began the quest for the
                  | Orb.
     0 | D:1      | Reached XP level 1. HP: 19/19 MP: 2/2
   113 | D:1      | Reached XP level 2. HP: 21/26 MP: 3/3
   199 | D:1      | Reached skill level 5 in Maces & Flails
   312 | D:1      | Reached XP level 3. HP: 18/31 MP: 4/4
   451 | D:2      | Reached XP level 4. HP: 31/38 MP: 5/5
   505 | D:2      | Found a faded altar of an unknown god.
   515 | D:2      | Prayed at the altar of an unknown god.
   515 | D:2      | Became a worshipper of Hepliaklqana the Forgotten
   515 | D:2      | Reached * piety under Hepliaklqana
   515 | D:2      | Reached ** piety under Hepliaklqana
   516 | D:2      | Remembered your ancestor Brogan as a battlemage
   679 | D:3      | Noticed Natasha
   682 | D:3      | Killed Natasha
   718 | D:3      | Reached *** piety under Hepliaklqana
   847 | D:3      | Noticed Natasha
   851 | D:3      | Reached XP level 5. HP: 32/40 MP: 6/6
   858 | D:3      | Killed Natasha
   899 | D:3      | Noticed Sigmund
   907 | D:3      | Killed Sigmund
   908 | D:3      | Reached XP level 6. HP: 46/46 MP: 7/7
   964 | D:4      | Reached skill level 1 in Armour
   964 | D:4      | Reached XP level 7. HP: 52/52 MP: 8/8
  1019 | D:4      | Reached skill level 4 in Fighting
  1255 | D:5      | Entered Level 5 of the Dungeon
  1262 | D:5      | Identified a scroll of acquirement
  1316 | D:5      | Found a sand-covered staircase.
  1324 | Ossuary  | Entered an ossuary
  1324 | Ossuary  | Noticed a wraith
  1324 | Ossuary  | Noticed a wraith
  1324 | Ossuary  | Noticed a wraith
  1376 | Ossuary  | Reached XP level 8. HP: 59/59 MP: 9/9
  1510 | Ossuary  | Noticed a wraith
  1522 | Ossuary  | Killed a wraith
  1523 | Ossuary  | Reached skill level 10 in Maces & Flails
  1603 | Ossuary  | Reached **** piety under Hepliaklqana
  1752 | D:5      | Found an iron altar of Okawaru.
  1772 | D:5      | Acquired a +1 pair of boots of flying
  1889 | D:5      | Found a glowing drain.
  1896 | Sewer    | Entered a sewer
  1972 | Sewer    | Reached skill level 5 in Dodging
  2381 | D:5      | Identified the +0 ring mail of the Farrier {rPois Regen+
                  | Stlth+}
  2496 | D:5      | Gained mutation: You passively map the area around you.
                  | [Meteoran growth]
  2496 | D:5      | Reached XP level 9. HP: 64/64 MP: 10/10
  2788 | D:6      | Noticed Dowan
  2789 | D:6      | Noticed Duvessa
  2792 | D:6      | Killed Dowan
  2792 | D:6      | Noticed Blork the orc
  2797 | D:6      | Killed Duvessa
  2801 | D:6      | Killed Blork the orc
  2829 | D:6      | Noticed a cyclops
  2844 | D:6      | Killed a cyclops
  2915 | D:6      | Identified the ring of Zeklaiwefe {rPois rF+ Int+6}
  2922 | D:6      | Learned a level 3 spell: Swiftness
  3180 | D:7      | Reached ***** piety under Hepliaklqana
  3193 | D:7      | Reached XP level 10. HP: 65/72 MP: 11/11
  3318 | D:7      | Identified the +2 sling of Noorghesi {speed, rPois Str+3}
  3356 | D:7      | Noticed a green ugly thing
  3358 | D:7      | Noticed a boulder beetle
  3365 | D:7      | Killed a green ugly thing
  3376 | D:7      | Killed a boulder beetle
  3632 | D:7      | Noticed a gargoyle
  3633 | D:7      | Noticed a komodo dragon
  3644 | D:7      | Killed a komodo dragon
  3652 | D:7      | Killed a gargoyle
  3653 | D:7      | Reached XP level 11. HP: 76/76 MP: 12/12
  3704 | D:8      | Paralysed by a hornet for 1 turns
  3726 | D:8      | Found a flagged portal.
  3731 | Bailey   | Entered a bailey
  3817 | Bailey   | Noticed an orc knight
  3820 | Bailey   | Found a burning altar of Makhleb.
  3830 | Bailey   | Killed an orc knight
  3836 | Bailey   | HP: 3/114 [kobold brigand/+0 war axe (11)]
  3837 | Bailey   | HP: 1/114 [kobold brigand/+0 war axe (3)]
  4165 | D:8      | Found a white marble altar of Elyvilon.
  4230 | D:8      | Found an ancient bone altar of Kikubaaqudgha.
  4289 | D:9      | Noticed a death yak
  4289 | D:9      | Noticed a death yak
  4297 | D:9      | Noticed a death yak
  4297 | D:9      | Noticed a death yak
  4299 | D:9      | Noticed a death yak
  4309 | D:8      | Killed a death yak
  4310 | D:8      | Reached skill level 15 in Dodging
  4351 | D:9      | Reached skill level 5 in Fighting
  4562 | D:9      | Noticed a death yak
  4588 | D:9      | Killed a death yak
  4604 | D:10     | Entered Level 10 of the Dungeon
  4675 | D:9      | Found a staircase to the Lair.
  4682 | D:9      | Noticed a death yak
  4723 | D:9      | Noticed a two-headed ogre
  4730 | D:9      | Killed a two-headed ogre
  4786 | D:10     | Noticed a boulder beetle
  4794 | D:10     | Reached skill level 6 in Fighting
  4816 | D:10     | Killed a boulder beetle
  4817 | D:10     | Reached skill level 5 in Armour
  4817 | D:10     | Reached XP level 12. HP: 66/87 MP: 13/13
  4823 | D:10     | Found Eliats's Antique Armour Shoppe.
  4833 | D:10     | Bought a smoking chain mail for 266 gold pieces
  4833 | D:10     | Identified the +1 chain mail "Hustrir" {Dex+2} (You bought
                  | it in a shop on level 10 of the Dungeon)
  4875 | D:10     | Noticed Erica
  4888 | D:10     | Killed Erica
  4897 | D:10     | Found a transporter.
  4962 | D:10     | Found a basalt altar of Yredelemnul.
  4972 | D:10     | Found a transporter.
  4973 | D:10     | Found a transporter.
  4977 | D:10     | Found a transporter.
  5004 | D:10     | Reached skill level 7 in Fighting
  5032 | D:10     | Acquired a manual of Armour
  5109 | D:10     | Found a transporter.
  5491 | D:11     | Noticed a sea snake
  5542 | D:11     | Reached skill level 8 in Fighting
  5764 | D:11     | Reached ****** piety under Hepliaklqana
  5856 | D:11     | Reached skill level 9 in Fighting
  5978 | D:12     | Reached XP level 13. HP: 79/100 MP: 14/14
  6020 | D:12     | Found a staircase to the Orcish Mines.
  6044 | D:12     | Reached skill level 10 in Fighting
  6247 | D:13     | Noticed Jorgrun
  6262 | D:13     | Killed Jorgrun
  6309 | D:13     | Reached skill level 10 in Armour
  6388 | D:13     | Noticed a vault guard
  6390 | D:13     | Noticed a vault guard
  6402 | D:13     | Killed a vault guard
  6403 | D:13     | Reached skill level 11 in Fighting
  6408 | D:13     | Noticed a vault guard
  6415 | D:13     | Killed a vault guard
  6425 | D:13     | Found a gate to the Vaults.
  6425 | D:13     | Noticed a vault guard
  6425 | D:13     | Noticed a vault guard
  6431 | D:13     | Killed a vault guard
  6436 | D:13     | Killed a vault guard
  6437 | D:13     | Reached skill level 12 in Fighting
  6506 | D:13     | Noticed a centaur warrior
  6513 | D:13     | Killed a centaur warrior
  6517 | D:13     | Noticed a two-headed ogre
  6518 | D:13     | Noticed a centaur warrior
  6524 | D:13     | Killed a two-headed ogre
  6528 | D:13     | Killed a centaur warrior
  6709 | D:13     | Reached skill level 13 in Fighting
  6864 | Lair:1   | Entered Level 1 of the Lair of Beasts
  6891 | Lair:1   | Reached XP level 14. HP: 106/116 MP: 15/15
  7113 | Lair:1   | Noticed Amaemon
  7124 | Lair:1   | Killed Amaemon
  7878 | Lair:4   | Reached skill level 14 in Fighting
  8020 | Lair:4   | Identified the +3 long sword of Kismet {flame, Will+ Dex+5}
  8102 | Lair:5   | Entered Level 5 of the Lair of Beasts
  8275 | Lair:5   | Reached skill level 15 in Fighting
  8467 | Lair:5   | Reached skill level 15 in Armour
  8599 | Lair:5   | Reached XP level 15. HP: 126/126 MP: 16/16
  8820 | Orc:1    | Entered Level 1 of the Orcish Mines
  8941 | Orc:1    | Reached skill level 16 in Fighting
  9161 | Orc:2    | Entered Level 2 of the Orcish Mines
  9169 | Orc:2    | Found a staircase to the Elven Halls.
  9206 | Orc:2    | Noticed Josephine
  9220 | Orc:2    | Killed Josephine
  9259 | Orc:2    | Upgraded the game from 0.31-a0-95-g6fa058ef04 to
                  | 0.31-a0-102-g33a4ccc0cb
  9429 | Orc:1    | Found Wyennih's Distillery.
  9879 | Orc:2    | Found Maodweut's Magic Scroll Shoppe.
  9887 | Orc:2    | Reached skill level 17 in Fighting
  9897 | Orc:2    | Found Nynegoe's Distillery.
  9898 | Orc:2    | Found Vovura Nae's Antique Armour Shop.
  9942 | Orc:2    | Found Xioffyt's Weapon Emporium.
 10069 | Orc:2    | Reached XP level 16. HP: 91/141 MP: 17/17
 10091 | Orc:2    | Glimpsed the power of Zot.
 10140 | Orc:1    | Glimpsed the power of Zot.
 10196 | D:14     | Reached skill level 18 in Fighting
 10238 | D:14     | Found a transporter.
 10242 | D:14     | Noticed SecretSquirrel's ghost (journeyman MiGl)
 10258 | D:14     | Found a transporter.
 10319 | D:14     | Noticed sirJeffrey23's ghost (journeyman BaHu)
 10523 | D:15     | Entered Level 15 of the Dungeon
 10542 | D:14     | Found a sacrificial altar of Ru.
 10629 | D:15     | Found a staircase to the Depths.
 10647 | D:15     | Noticed Agnes
 10681 | D:15     | Killed Agnes
 10706 | D:15     | Gained mutation: You have hidden genetic potential. [potion
                  | of mutation]
 10706 | D:15     | Gained mutation: You sometimes lose your temper in combat.
                  | [potion of mutation]
 10706 | D:15     | Gained mutation: You expend magic power (3 MP) to
                  | strengthen your wands. [potion of mutation]
 10707 | D:15     | Lost mutation: You have hidden genetic potential. [potion
                  | of mutation]
 10707 | D:15     | Lost mutation: You sometimes lose your temper in combat.
                  | [potion of mutation]
 10707 | D:15     | Gained mutation: You are somewhat resistant to further
                  | mutation. [potion of mutation]
 10709 | D:15     | Lost mutation: You are somewhat resistant to further
                  | mutation. [potion of mutation]
 10709 | D:15     | Lost mutation: You expend magic power (3 MP) to strengthen
                  | your wands. [potion of mutation]
 10709 | D:15     | Gained mutation: You have hidden genetic potential. [potion
                  | of mutation]
 10709 | D:15     | Gained mutation: You are robust. (+10% HP) [potion of
                  | mutation]
 10807 | D:15     | Reached skill level 15 in Maces & Flails
 11050 | D:15     | Found the +9 sword of Zonguldrok {reap}
 11050 | D:15     | Noticed a bone dragon
 11084 | D:15     | Killed a bone dragon
 11085 | D:15     | Reached skill level 19 in Fighting
 11220 | D:15     | Identified the +1 leather armour of Dithmenos's Grace
                  | {*Slow rPois Str+5 SInv}
 11496 | Lair:3   | Found a staircase to the Shoals.
 11501 | Shoals:1 | Entered Level 1 of the Shoals
 11660 | Shoals:1 | Reached XP level 17. HP: 36/168 MP: 18/18
 12025 | Shoals:2 | Reached skill level 20 in Fighting
 12084 | Shoals:2 | Gained mutation: You are very robust. (+20% HP) [hidden
                  | potential]
 12200 | Shoals:2 | Upgraded the game from 0.31-a0-102-g33a4ccc0cb to
                  | 0.31-a0-108-gdf935468f2
 12210 | Shoals:2 | Noticed Nikola
 12228 | Shoals:2 | Killed Nikola
 12576 | Shoals:3 | Noticed Ilsuiw
 12595 | Shoals:3 | Killed Ilsuiw
 12777 | Shoals:3 | Gained mutation: You passively map a large area around you.
                  | [Meteoran growth]
 12777 | Shoals:3 | Reached XP level 18. HP: 27/198 MP: 19/19
 12779 | Shoals:3 | HP: 8/198 [merfolk/silver boomerang[a merfolk impaler]
                  | (10)]
 12779 | Shoals:3 | Slain by a snapping turtle

Illustrated notes

Levels and vault maps discovered:
D:1:      lemuel_arrival_hallway, layout_basic
D:2:      layout_loops_ring, shapermc_ecumenical_altar_starsandcircs,
          minmay_tiny_reverse_x
D:3:      layout_basic, nicolae_gozag_seed_capital, grunt_decor_junction,
          serial_park_tiny_pond, uniq_natasha, uniq_sigmund
D:4:      layout_rooms, minivault_4, minmay_fountain_box, kennysheep_dice
D:5:      layout_gridville, mainiacjoe_overflow_small_starburst,
          nicolae_ossuary_entry_ruins, lightli_sewer_entry_pipes,
          serial_bayou_ford_a
D:6:      layout_rooms, uniq_duvessa, uniq_blork_the_orc,
          uniq_crazy_yiuf_cottage
D:7:      layout_basic, minmay_temple_entry_stoned_glass,
          minmay_shattered_shrine, uniq_maggie
D:8:      layout_cave_pools, mainiacjoe_overflow_surrounded_room,
          dancing_weapons_uskayaw, kiku_gazebo_pond_becter, enter_bailey_3,
          glass_columns_a, serial_park_tiny_2, kennysheep_generic_room_5
D:9:      layout_irregular_city, dpeg_lair_monsters
D:10:     layout_big_octagon, mainiacjoe_overflow_swirl, lemuel_tele_altar,
          mainiacjoe_overflow_boulevard, serial_shops, shop,
          serial_nicolae_subway, nicolae_sub_station_metal,
          nicolae_sub_station_crystal, nicolae_sub_station_stone, uniq_erica,
          uniq_grum
D:11:     layout_basic, serial_aquarium, aquarium_bridge_island_small
          [aquarium_subvault_small_water, aquarium_subvault_wall,
          aquarium_subvault_bridge, aquarium_subvault_balcony,
          aquarium_subvault_bridge], aquarium_bridge_square
          [aquarium_subvault_wall, aquarium_subvault_window,
          aquarium_subvault_bridge, aquarium_subvault_bridge],
          aquarium_window_fake, aquarium_window_fake, aquarium_window_2,
          aquarium_window_3, aquarium_view_2e, aquarium_pool_S,
          item_on_display_a
D:12:     layout_cave_pools, hiddenorc2_lemuel, minmay_misc_feat_tower
D:13:     layout_cave_pods, grunt_vaults_entry_fortified, minivault_8,
          uniq_jorgrun
D:14:     layout_irregular_city, serial_column_ruins, column_ruins_hut,
          column_ruins_square_medium, column_ruins_grid_1,
          column_ruins_open_tiny, column_ruins_corridor_corner,
          column_ruins_corridor_T, nzn_ghost_randoct, hangedman_glass_teeth,
          hellmonk_bongcloud_opening, nicolae_ru_awakened_eye
D:15:     gammafunk_depths_entry_grave, layout_rooms, serial_aquarium,
          aquarium_bridge_square [aquarium_subvault_balcony,
          aquarium_subvault_balcony, aquarium_subvault_window,
          aquarium_subvault_bridge], aquarium_bridge_square
          [aquarium_subvault_wall, aquarium_subvault_bridge,
          aquarium_subvault_wall, aquarium_subvault_bridge], aquarium_window_2,
          aquarium_window_fake, aquarium_window_corridor_3,
          aquarium_window_corner, aquarium_view_2b,
          minmay_guarded_unrand_zonguldrok, uniq_agnes
Lair:1:   layout_layer_cave, ebering_ghost_funeral_grove,
          chequers_serial_rivers_marsh, hangedman_tree_tricks,
          serial_bayou_shore_a, uniq_amaemon
Lair:2:   layout_loops_ring, nicolae_snake_entry_warm_welcome,
          lemuel_fruit_fields
Lair:3:   layout_loops_ring, elwin_shoals_entry_rooms,
          dreamdust_mushroom_princess, patterned_corridor
Lair:4:   layout_cave_pods, grunt_megastairs_2, infiniplex_staircase_pool_2
Lair:5:   hangedman_lair_tendril_chambers, layout_long_grid, slime_entry_1,
          nicolae_quartered_pool_medium
Shoals:1: layout_shoals, ebering_ghost_rock_garden,
          nicolae_shoals_square_sea_wall, nicolae_splish_splash
Shoals:2: layout_shoals, argonaut_gorgonesque, uniq_nikola
Shoals:3: layout_shoals, uniq_ilsuiw
Orc:1:    minmay_goldmine, layout_caves, portal_ice_cave_entry_ice_simulacra,
          serial_shops, nicolae_shop_hallway_stairs, nicolae_orc_lost_temple
Orc:2:    st_orc_open, layout_diamond_mine, special_room,
          nicolae_orc_sculptors_studio, elves_outpost_lemuel, uniq_josephine

Skill      XL: |  1  2  3  4  5  6  7  8  9 10 11 12 13 14 15 16 17 |
---------------+----------------------------------------------------+-----
Maces & Flails | 5 6 8 9 11 13 14 15 16 | 16.9
Dodging        | 4 5 7 12 15 16 17 18 | 18.0
Armour         | 1 2 5 8 12 15 16 17 | 17.3
Fighting       | 4 6 9 13 15 17 19 20 | 20.9

Action                     |  1- 3 |  4- 6 |  7- 9 | 10-12 | 13-15 | 16-18 || total
---------------------------+-------+-------+-------+-------+-------+-------++-------
  Melee: Mace              |    81 |    40 |   241 |   396 |   246 |       ||  1004
         Demon whip        |       |       |       |       |   543 |   664 ||  1207
  Throw: Throwing net      |       |       |       |       |     1 |       ||     1
 Invoke: Ancestor Life: Ba |       |     1 |       |       |       |       ||     1
         Ancestor Identity |       |     1 |       |       |       |       ||     1
         Recall Ancestor   |       |     1 |     1 |     1 |     2 |     1 ||     6
  Evoke: Wand              |       |       |     9 |     9 |     6 |     2 ||    26
    Use: Potion            |       |     4 |     2 |    10 |     9 |    12 ||    37
         Scroll            |       |     1 |    10 |    16 |     5 |     2 ||    34
   Stab: Distracted        |       |       |       |     9 |     9 |    12 ||    30
 Armour: Robe              |    11 |     3 |       |       |       |       ||    14
         Leather armour    |       |     5 |    42 |       |       |       ||    47
         Ring mail         |       |       |    19 |    43 |       |       ||    62
         Chain mail        |       |       |       |    37 |   301 |   331 ||   669
  Dodge: Dodged            |    44 |    24 |   103 |   211 |   518 |   507 ||  1407

Table legend: (Time is in decaauts)
 A = Elapsed time spent in this place.
 B = Non-inter-level travel time spent in this place.
 C = Inter-level travel time spent in this place.
 D = Time resting spent in this place.
 E = Time spent auto-exploring this place.
 F = Levels seen in this place.
 G = Mean time per level.
                   A        B        C        D        E       F      G
               +--------+--------+--------+--------+--------+-----+--------+
         Total |  11991 |   9542 |   2449 |     42 |   2829 |  28 |  428.2 |
       Dungeon |   7004 |   5812 |   1192 |      0 |   2330 |  15 |  466.9 |
          Lair |   1853 |   1257 |    596 |      0 |     50 |   5 |  370.6 |
        Shoals |   1074 |    888 |    186 |      0 |      0 |   3 |  358.0 |
  Orcish Mines |   1151 |    676 |    475 |     17 |      9 |   2 |  575.5 |
         Sewer |    324 |    324 |      0 |      0 |    133 |   1 |  324.0 |
       Ossuary |    381 |    381 |      0 |      0 |    278 |   1 |  381.0 |
        Bailey |    200 |    200 |      0 |     25 |     29 |   1 |  200.0 |
               +--------+--------+--------+--------+--------+-----+--------+

Top non-repeatable levels by time:
     D:5: 904 daAuts
   Orc:2: 613 daAuts
     D:9: 559 daAuts
    D:15: 543 daAuts
   Orc:1: 538 daAuts
    D:11: 524 daAuts
     D:7: 522 daAuts
    D:13: 513 daAuts
Shoals:2: 491 daAuts
    D:10: 480 daAuts
  Lair:5: 455 daAuts
    D:12: 447 daAuts
    D:14: 435 daAuts
Shoals:1: 422 daAuts
     D:8: 410 daAuts
